 Dungeon Crawl Stone Soup version 0.19-a0-644-gd04d753 (webtiles) character file.

347 Duffy the Skirmisher (level 6, 35/35 HPs)
             Began as a Vine Stalker Fighter on June 14, 2016.
             Quit the game in a sewer.
             The game lasted 00:02:06 (824 turns).

Duffy the Skirmisher (Vine Stalker Fighter)          Turns: 824, Time: 00:02:07

Health: 35/35      AC: 11    Str: 19    XL:     6   Next: 59%
Magic:  7/7        EV:  6    Int: 13    God:
Gold:   137        SH:  9    Dex: 14    Spells: 0 memorised, 5 levels left

rFire  . . .     SeeInvis +     t - +0 morningstar
rCold  + + .     Gourm    .     q - +0 ice dragon armour
rNeg   . . .     Faith    .     c - +0 shield
rPois  .         Spirit   +     s - +0 helmet {SInv}
rElec  .         Dismiss  .     (no cloak)
rCorr  .         Reflect  .     (no gloves)
SustAt .         Harm     .     (no boots)
MR     .....     Rnd*Tele +     (no amulet)
Stlth  ..........               (no ring)
                                m - ring of Koosilad {*Tele rF+ Int+4 Slay+2}

@: not resistant to hostile enchantments, extremely unstealthy
A: fangs 2, regeneration 2, magic shield, antimagic bite, no device heal 3, rot
immunity
a: no special abilities


You were in a sewer.
You were not hungry.

You visited 1 branch of the dungeon, and saw 4 of its levels.
You also visited: Sewer.

You collected 137 gold pieces.


Innate Abilities, Weirdness & Mutations

You have extremely sharp teeth.
You heal very quickly.
When hurt, damage is shared between your health and your magic reserves.
Your bite disrupts and absorbs the magic of your enemies.
Potions and wands cannot restore your health.
You are immune to rotting.


   Skills:
 + Level 5.0 Fighting
 + Level 4.4 Maces & Flails
 - Level 2.4 Armour
 - Level 2.6 Shields


You had 5 spell levels left.
You didn't know any spells.

Inventory:

Hand Weapons
 a - a +0 flail
 t - a +0 morningstar (weapon)
Armour
 b - a +0 scale mail
 c - a +0 shield (worn)
 n - the +4 helmet of Thoughtfulness {rPois rCorr Dex+7 Slay-4}

   It affects your dexterity (+7).
   It affects your accuracy and damage with ranged weapons and melee attacks
   (-4).
   It protects you from poison.
   It protects you from acid and corrosion.
 q - a +0 ice dragon armour (worn)
 s - a +0 helmet of see invisible (worn)
Jewellery
 m - the ring of Koosilad (left hand) {*Tele rF+ Int+4 Slay+2}

   [ring of teleportation]

   It may teleport you next to monsters.
   It affects your intelligence (+4).
   It affects your accuracy and damage with ranged weapons and melee attacks
   (+2).
   It protects you from fire.
Wands
 k - a wand of disintegration (13/24)
Scrolls
 e - 2 scrolls of fog {unknown}
 g - a scroll of enchant armour {unknown}
 j - a scroll of fear {unknown}
 l - a scroll of identify {unknown}
 o - 4 scrolls of teleportation {unknown}
Potions
 d - a potion of might
 h - a potion of lignification {unknown}
 i - a potion of agility {unknown}
 p - a potion of flight {unknown}
Books
 r - a book of Alchemy
Comestibles
 f - 2 bread rations

Dungeon Overview and Level Annotations

Branches:
Dungeon (4/15)
 Temple: D:4-7

Altars:


Message History

You hit the crocodile but do no damage.
You bite the crocodile, but do no damage.
The crocodile is almost dead.
The crocodile closely misses you.
You hit the crocodile.
You kill the crocodile!
Your Fighting skill increases to level 5!
No target in view!
No target in view!
No target in view!
No target in view!
No target in view!
No target in view!
No target in view!
No target in view!
No target in view!
No target in view!
No target in view!
No target in view!
No target in view!
Found a morningstar and a club.
Found a shiny helmet.
You enter the shallow water.
Moving in this stuff is going to be slow.
You see here an ice dragon armour.
q - an ice dragon armour Wear which item? (? for menu, Esc to quit)
You start removing your armour.
You continue taking off your +0 scale mail. x4
Magic restored.
You finish taking off your +0 scale mail.
You start putting on your armour.
You continue putting on your ice dragon armour. x5
You finish putting on your +0 ice dragon armour.
r - a book of Alchemy You now have 137 gold pieces (gained 15).
You enter the shallow water.
Moving in this stuff is going to be slow.
You see here a shiny helmet.
s - a shiny helmet Wear which item? (? for menu, Esc to quit)
You start putting on your armour.
You continue putting on your shiny helmet. x4
You finish putting on your +0 helmet of see invisible.
You feel perceptive.
You see here a morningstar.
t - a morningstar Wield which item (- for none, * to show all)? (? for menu, Esc to quit)
t - a +0 morningstar (weapon)
Are you sure you want to abandon this character and quit the game? (Confirm with "yes".)

########
###....~.### ####
#.~..~..~..####.)#
.~..####.~...##.@#
..### ###~....###
~## ##....~.# ~~#
#~~.~~### .~~~#
#.~...##..#
#....~.....####..#
##......## ####
######


There were no monsters in sight!

Action                   |  1- 3 |  4- 6 || total
-------------------------+-------+-------++-------
Melee: Flail             |    76 |    80 ||   156
       Bite              |    18 |    25 ||    43
Armor: Scale mail        |    33 |    30 ||    63
Dodge: Dodged            |    33 |    28 ||    61
Block: Shield            |    48 |    46 ||    94

Notes
Turn   | Place    | Note
--------------------------------------------------------------
     0 | D:1      | Duffy the Vine Stalker Fighter began the quest for the Orb.
     0 | D:1      | Reached XP level 1. HP: 11/11 MP: 2/2
    59 | D:2      | Reached skill level 3 in Fighting
    59 | D:2      | Reached skill level 2 in Maces & Flails
    59 | D:2      | Reached XP level 2. HP: 15/16 MP: 3/3
   216 | D:2      | Reached XP level 3. HP: 20/20 MP: 4/4
   464 | D:3      | Noticed Zebura's ghost (amateur VSAs)
   475 | D:3      | Killed Zebura's ghost
   475 | D:3      | Reached skill level 3 in Maces & Flails
   475 | D:3      | Reached XP level 4. HP: 17/25 MP: 2/5
   591 | D:4      | Reached skill level 4 in Fighting
   591 | D:4      | Reached XP level 5. HP: 29/29 MP: 6/6
   598 | D:4      | Got a shimmering brass ring
   600 | D:4      | Got a smoking helmet
   609 | D:4      | Identified the +4 helmet of Thoughtfulness {rPois rCorr Dex+7 Slay-4} (You found it on level 4 of the Dungeon)
   615 | D:4      | Identified the ring of Koosilad {*Tele rF+ Int+4 Slay+2} (You found it on level 4 of the Dungeon)
   651 | D:4      | Reached skill level 4 in Maces & Flails
   651 | D:4      | Gained mutation: You heal very quickly. [Vine Stalker growth]
   651 | D:4      | Reached XP level 6. HP: 7/34 MP: 2/7
   670 | D:4      | Found a glowing drain.
   682 | Sewer    | Entered a sewer
   784 | Sewer    | Reached skill level 5 in Fighting
   824 | Sewer    | Quit the game

Skill      XL: |  1  2  3  4  5  6 |
---------------+-------------------+-----
Fighting       | 3 4 5 |  5.0
Maces & Flails | 2 3 4 |  4.4
Armour         | |  2.4
Shields        | |  2.6

Vault maps used:
D:1:      saegor_arrival_simple_f
D:2:      first_bread
D:3:      uniq_natasha
D:4:      portal_sewer_entry_f, corexii_shack, uniq_robin
Sewer:    sewer_the_crocodile

Vanquished Creatures
  A crocodile
  The ghost of Zebura the Sneak, an amateur VSAs
  An orc priest
  2 orc wizards
  A giant frog skeleton
  An iguana
  An adder
  An ooze
  A worm
  3 giant geckos
  6 orcs
  2 bats
  2 giant cockroaches
  3 hobgoblins
  7 jackals
  A quokka
  2 ball pythons
  A ball python skeleton
  A giant newt
  8 kobolds
46 creatures vanquished.
